 Dungeon Crawl Stone Soup version 0.30-a0-534-gdc55766716 (webtiles) character file.

Game seed: 8563802065020958835

64 hikkokomori the Trooper (level 4, -2/28 HPs)
             Began as a Tengu Warper on Dec 25, 2022.
             Killed from afar by Sigmund (11 damage)
             ... with a puff of flame
             ... on level 3 of the Dungeon.
             The game lasted 00:04:21 (1641 turns).

hikkokomori the Trooper (Tengu Warper)              Turns: 1641, Time: 00:04:21

Health: -2/28      AC:  3    Str: 12    XL:     4   Next: 12%
Magic:  8/8        EV: 12    Int: 13    God:
Gold:   132        SH:  0    Dex: 15    Spells: 2/7 levels left

rFire   . . .      SeeInvis .    a - +0 falchion
rCold   . . .      Faith    .    (no shield)
rNeg    . . .      Spirit   .    b - +0 leather armour
rPois   .          Reflect  .    (helmet restricted)
rElec   .          Harm     .    (no cloak)
rCorr   .          Rampage  .    (no gloves)
Will    .....                    (boots unavailable)
Stlth   +                        k - amulet of the acrobat
HPRegen 0.24/turn                (no ring)
MPRegen 0.11/turn                (no ring)

@: confused, flying
A: beak, talons 3
a: no special abilities


You were on level 3 of the Dungeon.
You visited 1 branch of the dungeon, and saw 3 of its levels.

You collected 132 gold pieces.

Inventory:

Hand Weapons
 a - a +0 falchion (weapon)
 f - a +2 whip of venom
Missiles
 d - 4 boomerangs of dispersal (quivered)
 p - 6 boomerangs
Armour
 b - a +0 leather armour (worn)
Jewellery
 k - an amulet of the acrobat (around neck)
Scrolls
 c - a scroll of blinking
 h - 2 scrolls of poison {unknown}
 i - a scroll of vulnerability {unknown}
 l - 2 scrolls of identify {unknown}
 o - a scroll of brand weapon {unknown}
 q - 2 scrolls of enchant armour {unknown}
Potions
 e - a potion of attraction {unknown}
 g - a potion of heal wounds
 j - a potion of ambrosia {unknown}
 n - a potion of curing {unknown}


   Skills:
 - Level 3.3 Fighting
 - Level 2.1 Long Blades
 - Level 1.0 Throwing
 - Level 1.1 Armour
 - Level 2.1 Dodging
 - Level 2.0 Spellcasting
 + Level 3.2 Translocations
 + Level 0.2 Air Magic


You had 2 spell levels left.
You knew the following spells:

 Your Spells              Type           Power      Damage    Failure   Level
a - Vhi's Electric Charg  Tloc/Air       10%        N/A       43%         3
b - Blink                 Tloc           18%        N/A       13%         2

Your spell library contained the following spells:

 Spells                   Type           Power      Damage    Failure   Level
 Apportation              Tloc           18%        N/A       9%          1
 Necrotise                Necr           4%         1d4       32%         1
 Summon Small Mammal      Summ           4%         N/A       32%         1
 Lesser Beckoning         Tloc           18%        N/A       26%         3
 Teleport Other           Tloc           9%         N/A       26%         3
 Kindle Blastsparks       Fire/Tloc/Air  8%         2d10      52%         3
 Manifold Assault         Tloc           9%         N/A       63%         4
 Iskenderun's Mystic Bla  Conj/Tloc      5%         2d3       86%         4
 Fulminant Prism          Conj/Hex       0%         3d5       97%         4
 Lee's Rapid Deconstruct  Erth           0%         3d4*      100%        5


Dungeon Overview and Level Annotations

Branches:
Dungeon (3/15)

Altars:
Fedhas

Shops:
D:3 [

Annotations:
D:2 Terence
D:3 Sigmund


Innate Abilities, Weirdness & Mutations

You have a beak for a mouth.
You have claws for feet.


Message History

Sigmund is nearby!
Found 4 stones.
Cast which spell? (? or * to list)
Okay, then.
Sigmund shouts!
Sigmund completely misses you.
Cast which spell? (? or * to list)
Okay, then.
You aren't carrying any items that you can evoke.
Unknown command.
Okay, then.
Sigmund screams, "Don't try to resist!"
Sigmund drinks a potion.
Sigmund's spells are empowered!
You slash Sigmund!
Sigmund is moderately wounded.
Sigmund gestures at you while chanting. The puff of flame hits you!
Ouch! That really hurt!
You completely miss Sigmund. Your peck misses Sigmund.
Sigmund is moderately wounded.
Sigmund hits you with a +0 scythe!
* * * LOW HITPOINT WARNING * * *
You closely miss Sigmund. You peck Sigmund.
Sigmund is moderately wounded.
Sigmund mumbles some strange words.
Sigmund flickers and vanishes!
Deactivating autopickup; reactivate with Ctrl-A.
You slash something!
You hear some strange, mumbled words.
You are confused.
Something completely misses you.
Things that are here:
a +0 dagger; a +0 chain mail; a goblin corpse It was a potion of flight.
You feel very buoyant.
You fly up into the air.
You hear some strange, mumbled words.
A puff of flame appears from out of thin air!
The puff of flame hits you!
You die...

..###########
............. ...
#<########### ...
#.........# #:#
...######.# #.# ∩.## #.#
#.# ....# #.# #.#
#.....###.######.#####.#
##.##...........@.{....#
........##..##.#####.#
.######.###....### .#
#.# ####...# #.# #.#.#
#.# #.#..# #.# #..(...
#.# ######.. #...


There were no monsters in sight!

Vanquished Creatures
  An adder (D:2)
  A worm (D:3)
  A dart slug (D:1)
  An endoplasm (D:2)
  3 giant cockroaches (D:1)
  3 goblins
  5 hobgoblins
  4 jackals
  3 quokkas
  4 ball pythons
  5 bats
  5 frilled lizards (D:1)
  4 kobolds
  7 rats
47 creatures vanquished.

Notes
Turn   | Place    | Note
-------+----------+-------------------------------------------
     0 | D:1      | hikkokomori the Tengu Warper began the quest for the Orb.
     0 | D:1      | Reached XP level 1. HP: 12/12 MP: 4/4
    40 | D:1      | Found a faded altar of an unknown god.
   128 | D:1      | Reached XP level 2. HP: 11/18 MP: 6/6
   344 | D:1      | Reached XP level 3. HP: 22/22 MP: 7/7
  1118 | D:2      | Found a blossoming altar of Fedhas.
  1212 | D:2      | Reached XP level 4. HP: 28/28 MP: 8/8
  1266 | D:2      | Noticed Terence
  1323 | D:2      | Learned a level 3 spell: Vhi's Electric Charge
  1326 | D:2      | Learned a level 2 spell: Blink
  1518 | D:3      | Found Qahoc's Antique Armour Shop.
  1629 | D:3      | Noticed Sigmund
  1641 | D:3      | Killed from afar by Sigmund

Illustrated notes

Levels and vault maps discovered:
D:1:      lightli_arrival_flooded_house, layout_basic, basic_ecumenical_altar
D:2:      layout_loops_cross, basic_altar, nicolae_eternal_life, uniq_terence
D:3:      layout_basic, serial_shops, nicolae_shop_stone, grunt_ministairs_1,
          nrook_uturn, glass_columns_a, uniq_sigmund, uniq_robin, uniq_ijyb,
          uniq_pargi

Skill      XL: |  1  2  3 |
---------------+----------+-----
Translocations | 3 |  3.2
Fighting       | 3 |  3.3
Long Blades    | |  2.1
Throwing       | |  1.0
Armour         | |  1.1
Dodging        | |  2.1
Spellcasting   | |  2.0
Air Magic      | |  0.2

Action                   |  1- 3 |  4- 6 || total
-------------------------+-------+-------++-------
Melee: Falchion          |    89 |    17 ||   106
       Kick              |    24 |     5 ||    29
       Peck              |     7 |     3 ||    10
       Punch             |     1 |       ||     1
Throw: Boomerang         |       |     3 ||     3
  Use: Potion            |       |     1 ||     1
 Stab: Sleeping          |     1 |       ||     1
Armor: Leather armour    |    20 |     1 ||    21
Dodge: Dodged            |    61 |     9 ||    70

Table legend: (Time is in decaauts)
 A = Elapsed time spent in this place.
 B = Non-inter-level travel time spent in this place.
 C = Inter-level travel time spent in this place.
 D = Time resting spent in this place.
 E = Time spent auto-exploring this place.
 F = Levels seen in this place.
 G = Mean time per level.
                   A        B        C        D        E       F      G
               +--------+--------+--------+--------+--------+-----+--------+
         Total |   1663 |   1578 |     85 |      0 |   1142 |   3 |  554.3 |
       Dungeon |   1663 |   1578 |     85 |      0 |   1142 |   3 |  554.3 |
               +--------+--------+--------+--------+--------+-----+--------+

Top non-repeatable levels by time:
     D:2: 801 daAuts
     D:1: 735 daAuts
     D:3: 125 daAuts
